 Dungeon Sprint DCSS version 0.14-a0-218-g24e112a (console) character file.

8626 Dalvant the Scorcher (level 11, -16/54 (61) HPs)
             Began as a Deep Elf Fire Elementalist on Oct 9, 2013.
             Was a High Priest of Vehumet.
             Killed from afar by a hellephant (50 damage)
             ... with a blast of flame
             ... in the Dungeon (Sprint II: "The Violet Keep of Menkaure").
             The game lasted 00:22:13 (2944 turns).

Dalvant the Scorcher (Deep Elf Fire Elementalist)   Turns: 2944, Time: 00:22:13

HP -16/54 (61)   AC  8     Str  5      XL: 11   Next: 11%
MP  12/34        EV 12     Int 23 (24) God: Vehumet [*****.]
Gold 50          SH 11     Dex 18      Spells:  3 memorised, 29 levels left

Res.Fire  : . . .   See Invis. : +   (no weapon)
Res.Cold  : . . .   Warding    : .   a - +2 elf robe {Archmagi}
Life Prot.: + . .   Conserve   : .   d - +1 elf buckler
Res.Poison: +       Res.Corr.  : .   H - +2 orc wizard hat
Res.Elec. : .       Clarity    : .   e - +0 cloak
Sust.Abil.: . .     Spirit.Shd : .   (no gloves)
Res.Mut.  : .       Prev.Telep.: +   h - +0 pair of orc boots
Res.Rott. : .       Flight     : +   (no amulet)
Saprovore : . . .                    r - ring of Boich {rN+ Dex+3 SInv}
                                     n - ring of poison resistance

@: flying, somewhat resistant to hostile enchantments, quite stealthy
A: blurry vision 2, deterioration 1
a: Renounce Religion


You were in the Dungeon.
You worshipped Vehumet.
Vehumet was extremely pleased with you.
You were not hungry.

You visited 1 branch You collected 1318 gold pieces.
You spent 1288 gold pieces at shops.

Inventory:

Armour
 a - a +2 elven robe of the Archmagi (worn)
 d - a +1 elven buckler (worn)
 e - a +0 cloak (worn)
 h - a +0 pair of orcish boots (worn)
 H - a +2 orcish wizard hat (worn)
Magical devices
 i - a wand of digging (3)
Comestibles
 m - a pear
 C - 7 strawberries
 E - a meat ration
Scrolls
 j - 3 scrolls of identify
 l - 3 scrolls of blinking
 p - a scroll of fog
 q - a scroll of enchant armour
 y - a scroll of remove curse
Jewellery
 n - a ring of poison resistance (left hand)
 r - the ring of Boich (right hand) {rN+ Dex+3 SInv}
   (You bought it in a shop in the Dungeon)

   [ring of see invisible]

   It affects your dexterity (+3).
   It protects you from negative energy.
 A - an uncursed ring of flight
 F - an uncursed ring of teleport control
Potions
 c - 4 potions of flight
 f - a potion of speed
 g - 4 potions of magic
 k - 2 potions of curing
 t - 2 potions of resistance
 u - a potion of restore abilities
 x - a potion of heal wounds
Books
 b - a book of Flames

   Spells                             Type                      Level
   *Flame Tongue                      Conjuration/Fire             1
   Throw Flame                        Conjuration/Fire             2
   Conjure Flame                      Conjuration/Fire             3
   Inner Flame                        Hexes/Fire                   3
   *Sticky Flame                      Conjuration/Fire             4
   *Fireball                          Conjuration/Fire             5


   Skills:
 - Level 7.1 Fighting
 - Level 2.4 Dodging
 - Level 6.3 Stealth
 - Level 1.8 Shields
 + Level 14.9 Spellcasting
 * Level 16.5 Conjurations
 + Level 16.9 Fire Magic


You had 29 spell levels left.
You knew the following spells:

 Your Spells              Type           Power        Failure   Level  Hunger
a - Flame Tongue          Conj/Fire      #####        0%          1    None
c - Sticky Flame          Conj/Fire      #######.     1%          4    None
v - Fireball              Conj/Fire      #######...   1%          5    #......


Dungeon Overview and Level Annotations

Branches:
Dungeon (1/1)

Altars:
Cheibriados
Elyvilon
Fedhas
Kikubaaqudgha
Makhleb
Nemelex Xobeh
Okawaru
Sif Muna
Trog
Vehumet
Xom
Yredelemnul
Zin
the Shining One
Beogh
Jiyva
Lugonu

Shops:
D [+![++?/(=!/=%!+

Annotations:
D exclusion: oklob plant, Sonja


Innate Abilities, Weirdness & Mutations

Your vision is quite blurry.
Your body is slowly deteriorating.


Message History

Casting: Fireball
Confirm with . or Enter, or press ? or * to list all spells.
Aiming: Fireball
Press: ? - help, Shift-Dir - straight line, f/p - hellephant
Aim: a hellephant (moderately wounded)
You feel a surge of power!
The fireball explodes!
The fireball engulfs the hellephant.
The hellephant is moderately wounded.
Sonja shoots a curare-tipped needle.
The curare-tipped needle hits you!
Casting: Fireball
Confirm with . or Enter, or press ? or * to list all spells.
Aiming: Fireball
Press: ? - help, Shift-Dir - straight line, f/p - hellephant
Aim: a hellephant (moderately wounded)
You feel a surge of power!
The fireball explodes!
The fireball engulfs the hellephant.
The hellephant is heavily wounded.
You are engulfed in a cloud of scalding steam.
The hellephant breathes fire at you. The blast of flame hits you!
Ouch! That really hurt!
You die...

****** **************** *,,,,*
*******************************
,+,,*∩∩,∩∩+,+,,***,,,,***,,,,,+,,,+,,**,,,,,**,,,,,**,*
,*,,*******,****,,,,,,,,*,,,,,*,,,*,**,,*,,,**,,,*,**,*
**+**,,****+****,,,,,,,,*,,,,,*,###,**,,**,,**,,**,,*,*
∩*,,+,**≈≈≈≈≈≈≈**⌠,,,,*+***,,,*,..#,**,,**,,*,,,**,,,,*
∩*,,***≈≈≈,≈≈≈≈,**,,,,*,8###+####.#,*,,,**,,,,,,**,,,,*
***,,+≈,≈≈≈≈≈≈≈≈≈##++#*,88+...#0..#,,,,,**********++****
,,,****,≈,≈≈≈≈≈≈##≈...###8#.§.##########*******,,,,,,,,*
,,,,,≈#*≈≈≈≈≈≈≈*#e§.§...#.#..§#§§≈≈§§§§##*,,,,*,++++++,*
#####≈≈#+++*+++****#...^#.##§"###########*+**,*,+≈,,≈+,*
####≈≈≈...,,,,.,*,,+...(#..#[:#....(...##,,,*,*,+≈,,≈+,*
...#≈≈≈≈.#*+##..*,,####.#..#)§#...=.((.##.⌠.*,*,+≈,,≈+,*
...#≈≈≈≈####.##.####..'.##.#[:#).)..(..##...#,*,+≈,,≈+,*
∩..#≈≈≈≈#..##.#....#..#.^.#####.......(##.Kd#,*,+≈,,≈+,*
.⌠.#≈≈####...####..#####..##.##..([.(..##...#,*,+≈,,≈+,*
∩..#≈##.###'###.##..#..'..#..##.....[§(##$..#,*,+≈,,≈+,*
...#[#...##.##.#.#..#..#.^#..##.....§§§##$⌠.#,*,*≈,,≈*,*
...'≈'##.'<<<'###'..####..##(##(([.§.§§##...#,*,*≈,,≈*,*
...#≈#...##.##.#.#....###...#########Y####d#*,***≈,,≈***
####≈##.###'###.##......≈≈≈≈≈≈≈≈≈≈≈≈§§.@G≈≈#,,,,,,,,**
####≈≈####.#.####≈≈§....≈#'########≈###§≈§≈#,,,,,,,**
=+,##≈≈≈#..#..#≈≈≈≈≈≈≈..≈#........#≈≈≈##≈§≈#,,,,,,**
.#+**+#≈##.#.##≈≈§§≈≈≈≈.≈#....⌠...#§≈§§#####****≈**
##.**,*≈≈##+##≈≈≈≈§§≈≈≈≈≈#..._._..#≈§§§§#*,,*,,*≈*
#..,****≈≈≈≈≈≈≈≈§≈§§≈≈≈≈§#.._._._.#≈§≈§§≈*,,*,,*≈*
..,,,*,*+++*+++#≈≈§≈§§≈§≈#._._._._#≈§§§§§+,,+,,*≈*
,,,,,***≈≈≈≈≈≈≈##≈§≈###≈§#_._._._.#≈§≈≈§≈*,,*,,*≈*
,,,,,**≈≈≈≈≈≈≈≈≈*#§§#,#§§#._._....#≈§≈§≈≈#,,*,,*≈*
,,,,,+≈≈≈≈≈≈≈≈≈≈≈+≈≈*+#≈≈#_._.....#§;§≈##*******≈*
,,,,,**≈≈≈≈≈≈≈≈≈**≈≈≈≈≈≈≈##########§≈§≈#≈≈≈≈≈≈≈≈≈*
,,,,,***≈≈≈≈≈≈≈*****######≈≈≈≈≈≈≈≈§≈§≈≈#≈≈≈≈≈≈≈≈≈*
,,,,,*∩****+****≈≈≈≈≈≈≈###≈########≈#####****≈≈≈≈*
*,,,**,,,,*****≈≈≈≈≈≈≈≈≈##≈#,,,,,,*##,,,,,,,**≈≈≈*
**,**∩,,,,,,,+≈≈≈≈≈,≈≈§≈≈+≈#,,,,,,**,,,,,,,,,**≈≈*
,***********,**≈≈≈≈≈≈≈≈≈####,,,,,,+,,,,,,,,,,,+≈≈*
,,,,,,,,,,,*,,**≈≈≈≈≈≈≈*****,,,,,,**,,,,,,,,,*****
************,,,*********,,,,,,,,,,***,,,,,,,**
,,,,,,,,,,,,,,,+,+,,,+,+,,,,,,,,,,* *********
***********************************


You could see a hellephant, a yellow draconian shifter and a giant orange brain.

Vanquished Creatures
  A deep elf master archer (D)
  A kraken (D)
  2 plague shamblers (D)
  2 death drakes (D)
  A yaktaur (D)
  3 polar bears (D)
  A baby alligator (D)
  2 boulder beetles (D)
  2 hippogriffs (D)
  Menkaure (D)
  4 necrophages (D)
  A yellow wasp (D)
  A crocodile (D)
  4 brain worms (D)
  3 pulsating lumps (D)
  6 big fish (D)
  A spectral bat (D)
  A spectral quokka (D)
  3 tentacles (D)
40 creatures vanquished.

Vanquished Creatures (others)
  A swamp drake (D)
  A tentacle (D)
  A tentacle segment (D)
3 creatures vanquished.

Grand Total: 43 creatures vanquished

Notes
Turn   | Place    | Note
--------------------------------------------------------------
     0 | D        | Dalvant, the Deep Elf Fire Elementalist, began the quest for the Orb.
     0 | D        | Reached XP level 1. HP: 10/10 MP: 4/4
     0 | D        | Noticed a hippogriff
     0 | D        | Noticed a hippogriff
     4 | D        | Noticed a necrophage
     4 | D        | Noticed a necrophage
     4 | D        | Noticed a necrophage
     4 | D        | Noticed a necrophage
    10 | D        | Killed a necrophage
    10 | D        | Reached skill level 4 in Stealth
    10 | D        | Reached skill level 7 in Fire Magic
    10 | D        | Reached XP level 2. HP: 15/15 MP: 5/7
    10 | D        | Reached XP level 3. HP: 20/20 MP: 6/9
    10 | D        | Reached XP level 4. HP: 24/24 MP: 8/12
    24 | D        | Killed a necrophage
    24 | D        | Reached skill level 5 in Conjurations
    24 | D        | Reached skill level 9 in Fire Magic
    24 | D        | Reached XP level 5. HP: 18/26 MP: 11/15
    34 | D        | Killed a necrophage
    34 | D        | Reached skill level 5 in Stealth
    34 | D        | Reached skill level 10 in Fire Magic
    34 | D        | Reached XP level 6. HP: 16/34 MP: 8/18
    38 | D        | Killed a necrophage
    38 | D        | Reached skill level 5 in Fighting
    38 | D        | Reached skill level 11 in Fire Magic
   170 | D        | Learned a level 4 spell: Sticky Flame
   176 | D        | Learned a level 5 spell: Fireball
   176 | D        | Found Triklof's Distillery.
   176 | D        | Found Khoss' Jewellery Shoppe.
   176 | D        | Found Ujibb's Book Emporium.
   177 | D        | Found Erpheitto's Magical Wand Emporium.
   177 | D        | Found Skappaiz's Antique Weapon Emporium.
   177 | D        | Found Xaedutzali's Jewellery Shoppe.
   177 | D        | Found Ugaphe's Book Shoppe.
   177 | D        | Found Kecischuwk's Food Emporium.
   177 | D        | Found Treur's Magic Scroll Emporium.
   178 | D        | Noticed a pulsating lump
   179 | D        | Found Ufaixen's Antique Armour Shoppe.
   179 | D        | Found Fyvoih's Distillery.
   180 | D        | Found Tyatyz's Magical Wand Shoppe.
   180 | D        | Found Itaptisa's Book Shoppe.
   180 | D        | Found Witruta's Antique Armour Shoppe.
   180 | D        | Noticed Menkaure
   180 | D        | Noticed a pulsating lump
   180 | D        | Noticed a pulsating lump
   181 | D        | Noticed an oklob plant
   187 | D        | Killed Menkaure
   187 | D        | Reached XP level 7. HP: 38/38 MP: 18/20
   191 | D        | Found Uduh's Distillery.
   193 | D        | Found Quareoha's Book Shoppe.
   193 | D        | Noticed a death yak
   195 | D        | Noticed a grizzly bear
   196 | D        | Noticed a grizzly bear
   199 | D        | Bought a glowing elven robe for 19 gold pieces
   232 | D        | Bought an elven buckler for 72 gold pieces
   232 | D        | Bought a cloak for 24 gold pieces
   232 | D        | Bought a pair of orcish boots for 28 gold pieces
   243 | D        | Bought a scroll of identify for 22 gold pieces
   243 | D        | Bought a scroll of magic mapping for 38 gold pieces
   246 | D        | Bought a potion of curing for 28 gold pieces
   252 | D        | Bought a pear for 10 gold pieces
   252 | D        | Bought a pear for 10 gold pieces
   252 | D        | Bought a pear for 10 gold pieces
   275 | D        | Killed a hippogriff
   275 | D        | Reached skill level 1 in Shields
   275 | D        | Reached skill level 12 in Fire Magic
   336 | D        | Killed a hippogriff
   484 | D        | Noticed a brain worm
   484 | D        | Noticed a brain worm
   484 | D        | Noticed a brain worm
   484 | D        | Noticed a brain worm
   490 | D        | Killed a brain worm
   490 | D        | Reached skill level 5 in Spellcasting
   492 | D        | Killed a brain worm
   492 | D        | Reached skill level 13 in Fire Magic
   532 | D        | Killed a brain worm
   532 | D        | Reached XP level 8. HP: 39/44 MP: 16/23
   536 | D        | Killed a brain worm
   595 | D        | Noticed a boulder beetle
   595 | D        | Noticed a boulder beetle
   636 | D        | Killed a boulder beetle
   661 | D        | Killed a boulder beetle
   666 | D        | Bought an uncursed ring of poison resistance for 240 gold pieces
   964 | D        | Noticed a baby alligator
   964 | D        | Noticed a crocodile
   971 | D        | Killed a baby alligator
   971 | D        | Reached skill level 10 in Conjurations
  1055 | D        | Killed a crocodile
  1078 | D        | Found a blossoming altar of Fedhas.
  1078 | D        | Found a glowing golden altar of the Shining One.
  1078 | D        | Found an ancient bone altar of Kikubaaqudgha.
  1078 | D        | Found a corrupted altar of Lugonu.
  1079 | D        | Found a glowing silver altar of Zin.
  1079 | D        | Found a white marble altar of Elyvilon.
  1079 | D        | Found a bloodstained altar of Trog.
  1079 | D        | Found a shimmering altar of Xom.
  1080 | D        | Found a basalt altar of Yredelemnul.
  1081 | D        | Noticed a plague shambler
  1083 | D        | Found a roughly hewn altar of Beogh.
  1083 | D        | Found a sparkling altar of Nemelex Xobeh.
  1083 | D        | Found a radiant altar of Vehumet.
  1083 | D        | Found a deep blue altar of Sif Muna.
  1083 | D        | Found an iron altar of Okawaru.
  1083 | D        | Noticed a yellow wasp
  1083 | D        | Noticed a polar bear
  1084 | D        | Found a burning altar of Makhleb.
  1084 | D        | Found a snail-covered altar of Cheibriados.
  1084 | D        | Found a viscous altar of Jiyva.
  1084 | D        | Noticed a yaktaur
  1086 | D        | Noticed a big fish
  1087 | D        | Noticed a big fish
  1088 | D        | Noticed a big fish
  1090 | D        | Became a worshipper of Vehumet
  1092 | D        | Noticed a big fish
  1092 | D        | Killed a polar bear
  1092 | D        | Reached skill level 14 in Fire Magic
  1101 | D        | Noticed a big fish
  1109 | D        | Killed a plague shambler
  1109 | D        | Reached XP level 9. HP: 8/49 MP: 0/29
  1116 | D        | Noticed a big fish
  1128 | D        | Noticed a big fish
  1132 | D        | Noticed a shark
  1165 | D        | Noticed a big fish
  1449 | D        | Noticed a polar bear
  1450 | D        | Noticed a polar bear
  1451 | D        | Killed a yellow wasp
  1451 | D        | Acquired Vehumet's first power
  1451 | D        | Offered knowledge of Sandblast by Vehumet.
  1451 | D        | Reached skill level 10 in Spellcasting
  1452 | D        | Killed a polar bear
  1455 | D        | Killed a polar bear
  1457 | D        | Killed a yaktaur
  1457 | D        | Reached skill level 15 in Fire Magic
  1562 | D        | Noticed a death drake
  1563 | D        | Noticed a swamp drake
  1563 | D        | Noticed a plague shambler
  1565 | D        | Killed a plague shambler
  1566 | D        | Noticed a death drake
  1571 | D        | Killed a swamp drake
  1578 | D        | HP: 2/46 [death drake] (6)]
  1580 | D        | Killed a death drake
  1580 | D        | Reached XP level 10. HP: 2/51 MP: 17/31
  1863 | D        | Killed a death drake
  1863 | D        | Offered knowledge of Searing Ray by Vehumet.
  2139 | D        | Offered knowledge of Mephitic Cloud by Vehumet.
  2139 | D        | Acquired Vehumet's second power
  2154 | D        | Noticed a deep elf master archer
  2158 | D        | Killed a deep elf master archer
  2158 | D        | Reached skill level 15 in Conjurations
  2158 | D        | Reached skill level 16 in Fire Magic
  2267 | D        | Noticed a pulsating lump
  2267 | D        | Noticed a pulsating lump
  2267 | D        | Noticed a pulsating lump
  2269 | D        | Killed a pulsating lump
  2273 | D        | Killed a pulsating lump
  2273 | D        | Offered knowledge of Dazzling Spray by Vehumet.
  2273 | D        | Acquired Vehumet's third power
  2275 | D        | Killed a pulsating lump
  2300 | D        | Killed a big fish
  2308 | D        | Noticed a kraken
  2316 | D        | Killed a big fish
  2323 | D        | Killed a big fish
  2604 | D        | Killed a kraken
  2604 | D        | Offered knowledge of Force Lance by Vehumet.
  2604 | D        | Reached XP level 11. HP: 42/54 MP: 22/34
  2605 | D        | Killed a big fish
  2612 | D        | Killed a big fish
  2616 | D        | Killed a big fish
  2799 | D        | Bought a scroll of blinking for 60 gold pieces
  2806 | D        | Paralysed by a potion of paralysis for 7 turns
  2813 | D        | Gained mutation: Your vision is a little blurry. [potion of mutation]
  2813 | D        | Gained mutation: Your body is slowly deteriorating. [potion of mutation]
  2813 | D        | Gained mutation: Your vision is quite blurry. [potion of mutation]
  2826 | D        | Bought a wand of digging (4) for 176 gold pieces
  2839 | D        | Bought the ring of Boich {rN+ Dex+3 SInv} for 499 gold pieces
  2846 | D        | Bought a meat ration for 52 gold pieces
  2885 | D        | Noticed an electric golem
  2885 | D        | Noticed a crystal golem
  2885 | D        | Noticed a clay golem
  2885 | D        | Noticed a clay golem
  2936 | D        | Noticed a hellephant
  2936 | D        | Noticed Sonja
  2936 | D        | Noticed a yellow draconian shifter
  2936 | D        | Noticed a giant orange brain
  2944 | D        | Killed from afar by a hellephant

Action                   |  1- 3 |  4- 6 |  7- 9 | 10-12 || total
-------------------------+-------+-------+-------+-------++-------
Melee: Unarmed           |     4 |    15 |     3 |     2 ||    24
 Cast: Flame Tongue      |     1 |    11 |    34 |    18 ||    64
       Sticky Flame      |       |       |    12 |     5 ||    17
       Fireball          |       |       |    17 |    23 ||    40
Evoke: Wand              |       |       |       |     1 ||     1
  Use: Potion            |     1 |     2 |     2 |     6 ||    11
       Scroll            |       |       |     2 |     9 ||    11
